 Dungeon Crawl Stone Soup version 0.16.1-11-g651b585 (webtiles) character file.

105595 roverover the Destroyer (level 16, -1/119 HPs)
             Began as an Octopode Earth Elementalist on Mar 30, 2015.
             Was the Champion of Cheibriados.
             Slain by an iron troll (15 damage)
             ... on level 13 of the Dungeon.
             The game lasted 02:38:16 (45388 turns).

roverover the Destroyer (OpEE)                     Turns: 45388, Time: 02:38:34

Health: -1/119     AC: 14    Str: 23    XL:     16   Next: 41%
Magic:  3/24       EV: 30    Int: 47    God:    Cheibriados [******]
Gold:   741        SH:  0    Dex: 29    Spells: 4 memorised, 16 levels left

rFire  + + .     SeeInvis +     a - +1 flail (protect)
rCold  + . .     Clarity  +     (no shield)
rNeg   . . .     SustAb   .     V - +2 hat {rF+}
rPois  +         Gourm    .     v - amulet of regeneration
rElec  .         Spirit   .     (no ring)
rCorr  .         Warding  .     K - ring of protection from magic
rMut   .         Stasis   .     x - ring "Elaesch" {rF+ MR+ MP-9 Slay+6}
MR     +++..                    O - +5 ring of intelligence
Stlth  +++++.....               L - ring of the Octopus King {AC+1 EV+1 Str+1 Int+1 Dex+1 SInv}
                                A - ring of protection from cold
                                Z - ring of wizardry
                                W - +4 ring of intelligence

@: stone skin, very slow, extremely resistant to hostile enchantments, quite
stealthy
A: almost no armour, amphibious, 8 rings, constrict 8, repulsion field 1,
camouflage 1, see invisible, berserk 1, clarity, sense surroundings 1, poison
resistance, robust 1, weak 1, gelatinous body 1, MP-powered wands 1
a: Bend Time, Temporal Distortion, Slouch, Step From Time, Renounce Religion


You were on level 13 of the Dungeon.
You worshipped Cheibriados.
Cheibriados was exalted by your worship.
You were near starving.

You visited 4 branches of the dungeon, and saw 26 of its levels.
You also visited: Ice Cave and Volcano.

You collected 3230 gold pieces.
You spent 2489 gold pieces at shops.

Inventory:

Hand weapons
 a - a +1 flail of protection (weapon)
 b - a +3 quarterstaff of flaming
 H - a +0 blowgun
Missiles
 e - 424 stones (quivered)
 p - 44 poisoned needles
 X - 4 throwing nets
Armour
 V - a +2 hat of fire resistance (worn)
Jewellery
 r - an uncursed ring of protection from fire
 v - an amulet of regeneration (around mantle)
 x - the ring "Elaesch" (on tentacle) {rF+ MR+ MP-9 Slay+6}
   (You found it in an ice cave)

   [ring of protection from magic]

   It affects your accuracy and damage with ranged weapons and melee attacks
   (+6).
   It protects you from fire.
   It affects your resistance to hostile enchantments.
   It affects your magic capacity (-9).
 A - a ring of protection from cold (on tentacle)
 K - a ring of protection from magic (right tentacle)
 L - a ring of the Octopus King (on tentacle) {AC+1 EV+1 Str+1 Int+1 Dex+1 SInv}
   (You found it in an ice cave)

   [ring of see invisible]

   It affects your AC (+1).
   It affects your evasion (+1).
   It affects your strength (+1).
   It affects your intelligence (+1).
   It affects your dexterity (+1).
   It enhances your eyesight.
 O - a +5 ring of intelligence (on tentacle)
 T - an uncursed ring of teleportation
 W - a +4 ring of intelligence (on tentacle)
 Z - a ring of wizardry (on tentacle)
Magical devices
 y - a wand of cold (11)
Scrolls
 f - a scroll of noise
 o - 5 scrolls of remove curse
 q - 5 scrolls of fog
 s - 3 scrolls of fear
 t - 2 scrolls of recharging
 w - 2 scrolls of enchant armour
 z - 2 scrolls of amnesia
 F - 5 scrolls of magic mapping
 I - 4 scrolls of teleportation
Potions
 g - 4 potions of curing
 h - 2 potions of restore abilities
 j - 4 potions of brilliance
 k - 4 potions of agility
 C - 2 potions of flight
 E - 4 potions of resistance
 J - a potion of might
 R - a potion of invisibility {unknown}
 S - a potion of lignification
 U - 2 potions of magic
Books
 d - a book of Geomancy

   Spells                             Type                      Level
   a - Sandblast                      Earth                        1
   b - Stoneskin                      Transmutation/Earth          2
   c - Passwall                       Transmutation/Earth          3
   d - Stone Arrow                    Conjuration/Earth            3
   e - Petrify                        Transmutation/Earth          4
   f - Lee's Rapid Deconstruction     Earth                        5
 i - a Grand Grimoire {highlevel}

   This book is beyond your current level of understanding.

   Spells                             Type                      Level
   a - Aura of Abjuration             Summoning                    6
   b - Summon Greater Demon           Summoning                    7
   c - Malign Gateway                 Summoning/Translocation      7
   d - Summon Horrible Things         Summoning                    8
 m - an Akashic Record {highlevel}

   This book is beyond your current level of understanding.

   Spells                             Type                      Level
   a - Dispersal                      Translocation                6
   b - Controlled Blink               Translocation                7
   c - Malign Gateway                 Summoning/Translocation      7
   d - Disjunction                    Translocation                8
   e - Singularity                    Translocation                9
 u - the Catalogue of Creative Fire
   (You found it on level 3 of the Orcish Mines)

   Spells                             Type                      Level
   a - Abjuration                     Summoning                    3
   b - Ignite Poison                  Fire/Transmutation           5
   c - Bolt of Fire                   Conjuration/Fire             6
   d - Monstrous Menagerie            Summoning                    6
 D - a book of Hinderance

   Spells                             Type                      Level
   a - Confusing Touch                Hexes                        2
   b - Confuse                        Hexes                        3
   c - Petrify                        Transmutation/Earth          4
   d - Metabolic Englaciation         Hexes/Ice                    5
   e - Gell's Gravitas                Hexes/Translocation          5
   f - Summon Mana Viper              Hexes/Summoning              5
 Q - a book of Annihilations {highlevel}

   Spells                             Type                      Level
   a - Poison Arrow                   Conjuration/Poison           6
   b - Chain Lightning                Conjuration/Air              8
   c - Lehudib's Crystal Spear        Conjuration/Earth            8
   d - Glaciate                       Conjuration/Ice              9
   e - Fire Storm                     Conjuration/Fire             9
Comestibles
 c - 20 beef jerkies
 n - 9 bread rations
 B - 16 fruits
 G - 9 meat rations


   Skills:
 - Level 10.3 Fighting
 - Level 11.6 Dodging
 - Level 5.0 Stealth
 - Level 10.2 Spellcasting
 - Level 14.5 Conjurations
 - Level 1.0 Transmutations
 + Level 9.5 Earth Magic
 - Level 9.1 Poison Magic
 - Level 12.0 Invocations
 + Level 4.8 Evocations


You had 16 spell levels left.
You knew the following spells:

 Your Spells              Type           Power        Failure   Level  Hunger
a - Poison Arrow          Conj/Pois      #######...   1%          6    ###....
b - Lehudib's Crystal Sp  Conj/Erth      #######...   26%         8    ######.
c - Stoneskin             Trmt/Erth      ######..     1%          2    None
d - Abjuration            Summ           ###.......   1%          3    None


Dungeon Overview and Level Annotations

Branches:
Dungeon (13/15)            Temple (1/1) D:6            Lair (8/8) D:9
  Swamp (0/5) Lair:4        Snake (0/5) Lair:5        Slime (0/6) Lair:8
    Orc (4/4) D:11            Elf (0/3) Orc:4
 Vaults: D:13-14

Altars:
Ashenzari
Cheibriados
Dithmenos
Elyvilon
Fedhas
Gozag
Kikubaaqudgha
Makhleb
Nemelex Xobeh
Okawaru
Qazlal
Ru
Sif Muna
Trog
Vehumet
Xom
Yredelemnul
Zin
The Shining One
Beogh
Lugonu

Shops:
D:5 *   D:7 (*(=*   Orc:2 =   Orc:4 *=[%

Annotations:
D:8 exclusion: 2 oklob saplings
Lair:1 Gastronok
Lair:4 1 exclusion
Orc:4 exclusion: door


Innate Abilities, Weirdness & Mutations

You cannot wear most types of armour.
You are amphibious.
You can wear up to eight rings at the same time.
You can use your tentacles to constrict many enemies at once.
Your skin changes colour to match your surroundings (Stealth).
Your rubbery body absorbs attacks (AC +1).
You are surrounded by a mild repulsion field (EV +2).
You have supernaturally acute eyesight.
You tend to lose your temper in combat.
You possess an exceptional clarity of mind.
You passively map a small area around you.
Your system is resistant to poisons.
You are robust (+10% HP).
You are weak. (Str -2)
You expend magic power (3 MP) to slightly strengthen your wands.


Message History

The iron troll claws you but does no damage.
The iron troll claws you.
* * * LOW HITPOINT WARNING * * *
You hit the iron troll but do no damage.
Your squeeze misses the iron troll.
The iron troll is almost dead.
The iron troll bites you!
* * * LOW HITPOINT WARNING * * *
The iron troll completely misses you. x2
Evoke which item? (* to show all) (? for menu, Esc to quit)
Zapping:
y - a wand of cold {recharged} (will waste charges)
Press: ? - help, Shift-Dir - straight line, f/p - iron troll
Aim: an iron troll (almost dead, poisoned)
The bolt of cold hits the iron troll.
The iron troll completely resists.
The iron troll is almost dead.
Evoking this partially-identified wand wasted a few charges.
The iron troll closely misses you. The iron troll claws you.
* * * LOW HITPOINT WARNING * * *
The iron troll claws you!
You die...

#####....................
#........................
#....P......).....#......
#.....)...........#......
#......####....<..#......
#......####.......#......
##................#......
#......T.........#......
#......@.........#......
#................#.!....
####'#.##...........#**
...)..#'#'#'##....#
#..................# #
...P.............#
..................[. *
,..................
.............. ,


You could see an iron troll and 2 active ballistomycetes.

Vanquished Creatures
  2 orc warlords (Orc:4)
  Snorg (Lair:8)
  An ettin (Orc:4)
  6 hydras
  Harold (Orc:4)
  The ghost of herpmino the Covert, a powerful FeWz of Cheibriados (D:13)
  Nessos (D:12)
  Erica (Lair:8)
  An ogre mage (Volcano)
  2 centaur warriors
  6 orc high priests (Orc:4)
  The ghost of ZiggyStardust the Thaumaturge, a powerful VSWr of Kikubaaqudgha (D:13)
  4 skeletal warriors (D:13)
  9 hill giants
  2 ice statues (IceCv)
  7 orc knights
  6 orc sorcerers (Orc:4)
  3 cyclopes
  2 oklob plants (Lair:8)
  2 griffons
  5 elephants (Lair:4)
  Maurice (D:13)
  3 centaur zombies
  Joseph (D:8)
  10 black mambas
  A queen ant (Lair:7)
  A gargoyle (D:13)
  14 spiny frogs
  A kobold demonologist (D:12)
  A fire drake (Lair:6)
  9 komodo dragons
  11 trolls
  11 polar bears
  8 two-headed ogres
  3 raiju (Lair:8)
  11 blink frogs
  A boulder beetle (Lair:8)
  A trapdoor spider zombie (D:11)
  A boulder beetle (shapeshifter) (D:13)
  A slime creature (Lair:2)
  4 wandering mushrooms (D:8)
  A deep elf mage (D:13)
  A trapdoor spider (D:13)
  A redback (Lair:8)
  4 basilisks
  A spriggan (Lair:3)
  A shadow (D:11)
  79 yaks
  3 fire bats (Lair:1)
  Grum (D:12)
  A steam dragon (D:12)
  10 wyverns
  19 wolves
  A centaur simulacrum (D:12)
  36 water moccasins
  12 hippogriffs
  2 mottled dragons (D:13)
  13 wargs
  3 hell hounds (Lair:8)
  9 soldier ants (Lair:7)
  3 spiders (Lair:8)
  12 porcupines
  55 orc warriors
  18 ogres
  A phantom (D:13)
  4 sky beasts
  29 ice beasts
  18 black bears
  A necrophage (D:8)
  3 wasps
  3 boring beetles
  19 crocodiles
  6 centaurs
  Blork the orc (Orc:1)
  22 giant frogs
  A wyvern zombie (D:13)
  A gnoll sergeant (D:9)
  4 scorpions
  A troll zombie (D:12)
  5 killer bees
  5 wights
  A quasit (D:5)
  An electric eel (Lair:6)
  2 goliath beetles
  10 crimson imps
  20 hounds
  A wasp zombie (D:10)
  A giant frog skeleton (D:7)
  54 orc priests
  5 centaur skeletons
  13 jellies
  10 iguanas
  25 orc wizards
  34 worker ants
  31 sheep
  4 hound skeletons
  Terence (D:2)
  5 worker ant zombies
  3 gnolls (D:9)
  67 river rats
  3 shadow imps
  35 adders
  3 giant mites
  3 worms
  2 adder skeletons
  An adder zombie (D:10)
  10 giant geckos
  15 oozes
  350 orcs
  16 bats
  3 bat skeletons
  3 giant cockroaches
  28 hobgoblins
  16 jackals
  18 kobolds
  15 quokkas
  A giant gecko zombie (D:7)
  5 giant newts
  7 giant spores
  36 goblins
  A goblin zombie (D:5)
  2 hobgoblin zombies (D:5)
  2 kobold skeletons (D:5)
  2 orc skeletons (D:5)
  3 orc zombies
  A quokka zombie (D:9)
  21 rats
  29 ballistomycetes
  8 fungi
  3 plants (Lair:8)
1498 creatures vanquished.

Vanquished Creatures (others)
  2 giant spores (D:13)
  2 ballistomycetes (D:13)
  20 fungi
  23 plants
47 creatures vanquished.

Grand Total: 1545 creatures vanquished

Notes
Turn   | Place    | Note
--------------------------------------------------------------
     0 | D:1      | roverover, the Octopode Earth Elementalist, began the quest for the Orb.
     0 | D:1      | Reached XP level 1. HP: 11/11 MP: 3/3
   111 | D:1      | Reached XP level 2. HP: 1/17 MP: 0/4
  1353 | D:1      | Reached XP level 3. HP: 3/21 MP: 4/6
  1940 | D:1      | Reached skill level 4 in Stealth
  1949 | D:1      | Learned a level 3 spell: Stone Arrow
  2245 | D:2      | Found a stormy altar of Qazlal.
  2247 | D:2      | Noticed a water elemental
  2251 | D:2      | Noticed a fire elemental
  2251 | D:2      | Noticed an air elemental
  2251 | D:2      | Noticed an earth elemental
  2419 | D:2      | Reached skill level 1 in Conjurations
  2495 | D:2      | Reached XP level 4. HP: 27/27 MP: 3/7
  2519 | D:2      | Noticed Terence
  2550 | D:2      | Killed Terence
  4070 | D:3      | Reached XP level 5. HP: 31/31 MP: 7/9
  5766 | D:4      | Reached XP level 6. HP: 36/36 MP: 3/10
  6159 | D:4      | Reached skill level 5 in Earth Magic
  7005 | D:5      | Entered Level 5 of the Dungeon
  7029 | D:5      | Reached XP level 7. HP: 41/41 MP: 10/12
  7094 | D:5      | Found a glowing golden altar of the Shining One.
  7107 | D:5      | Reached skill level 6 in Earth Magic
  7172 | D:5      | Noticed a wyvern
  7177 | D:5      | Killed a wyvern
  7177 | D:5      | Reached skill level 5 in Conjurations
  7567 | D:5      | Reached XP level 8. HP: 42/46 MP: 4/13
  7589 | D:5      | Found Ghuigroo's General Store.
  7598 | D:5      | Bought a potion of berserk rage for 70 gold pieces
  8098 | D:5      | Reached skill level 7 in Earth Magic
  8587 | D:5      | Bought a scroll of identify for 28 gold pieces
  8604 | D:6      | Gained mutation: You have supernaturally acute eyesight. [mutagenic meat]
  8605 | D:6      | Gained mutation: You expend magic power (3 MP) to slightly strengthen your wands. [mutagenic meat]
  9235 | D:6      | Reached skill level 8 in Earth Magic
  9270 | D:6      | Found a staircase to the Ecumenical Temple.
  9321 | Temple   | Entered the Ecumenical Temple
  9375 | Temple   | Became a worshipper of Cheibriados the Contemplative
  9778 | D:6      | Reached skill level 1 in Fighting
 10130 | D:7      | Reached skill level 1 in Invocations
 10130 | D:7      | Reached XP level 9. HP: 53/53 MP: 14/14
 10282 | D:7      | Found Qexta's Antique Weapon Emporium.
 10294 | D:7      | Acquired Cheibriados' first power
 10816 | D:7      | Found Khentagia's Antique Weapon Boutique.
 10820 | D:7      | Bought a glowing quarterstaff for 92 gold pieces
 10893 | D:7      | Found Kielurph's Assorted Antiques.
 10901 | D:7      | Bought a scroll of teleportation for 90 gold pieces
 11060 | D:7      | Found Opaoph's Jewellery Emporium.
 11131 | D:7      | Learned a level 2 spell: Stoneskin
 11325 | D:7      | Found Skiwoaxt's Assorted Antiques.
 11331 | D:7      | Bought a glass wand for 76 gold pieces
 11717 | D:8      | Reached skill level 5 in Dodging
 12197 | D:8      | Found a radiant altar of Vehumet.
 12360 | D:8      | Noticed Joseph
 12669 | D:8      | Reached skill level 5 in Invocations
 12868 | D:8      | Acquired Cheibriados' second power
 12868 | D:8      | Reached XP level 10. HP: 50/65 MP: 11/18
 12991 | D:8      | Reached skill level 5 in Fighting
 13122 | D:8      | Noticed a wandering mushroom
 13125 | D:8      | Killed a wandering mushroom
 13180 | D:8      | Noticed a wandering mushroom
 13183 | D:8      | Killed a wandering mushroom
 13215 | D:8      | Found a blossoming altar of Fedhas.
 13215 | D:8      | Noticed a wandering mushroom
 13215 | D:8      | Noticed a wandering mushroom
 13218 | D:8      | Killed a wandering mushroom
 13303 | D:8      | Killed a wandering mushroom
 13377 | D:8      | Noticed a centaur zombie
 13391 | D:8      | Killed a centaur zombie
 13563 | D:8      | Killed Joseph
 14041 | D:9      | Found a staircase to the Lair.
 14232 | D:8      | Acquired Cheibriados' third power
 14566 | D:9      | Reached XP level 11. HP: 75/75 MP: 9/22
 15003 | D:9      | Acquired Cheibriados' fourth power
 15904 | D:10     | Entered Level 10 of the Dungeon
 15919 | D:10     | Gained mutation: You are frail (-10% HP). [mutagenic meat]
 15920 | D:10     | Gained mutation: You are weak. (Str -2) [mutagenic meat]
 15921 | D:10     | Lost mutation: You are frail (-10% HP). [mutagenic meat]
 15987 | D:10     | Found an opulent altar of Gozag.
 16269 | D:10     | Noticed a hill giant
 16274 | D:10     | Killed a hill giant
 17267 | D:10     | Reached skill level 9 in Dodging
 17421 | D:11     | Found a staircase to the Orcish Mines.
 17573 | D:11     | Gained mutation: You can spit poison. [mutagenic meat]
 17574 | D:11     | Gained mutation: Your flesh is heat resistant. [mutagenic meat]
 17575 | D:11     | Gained mutation: You are clumsy. (Dex -2) [mutagenic meat]
 17852 | D:11     | Found a roughly hewn altar of Beogh.
 17875 | D:11     | Reached skill level 10 in Invocations
 18543 | D:11     | Reached XP level 12. HP: 79/85 MP: 23/26
 18871 | D:7      | Bought a cursed ring of teleportation for 188 gold pieces
 18918 | D:7      | Bought a scroll of identify for 38 gold pieces
 19046 | Lair:1   | Entered Level 1 of the Lair of Beasts
 19257 | Lair:1   | Reached skill level 11 in Invocations
 19261 | Lair:1   | Found a dark tunnel.
 19325 | Volcano  | Entered a volcano
 19342 | Volcano  | Noticed an ogre mage
 19350 | Volcano  | Killed an ogre mage
 19810 | Lair:1   | Lost mutation: You are clumsy. (Dex -2) [potion of mutation]
 19810 | Lair:1   | Gained mutation: Your system is resistant to poisons. [potion of mutation]
 19810 | Lair:1   | Gained mutation: You tend to lose your temper in combat. [potion of mutation]
 19811 | Lair:1   | Gained mutation: You passively map a small area around you. [potion of mutation]
 19811 | Lair:1   | Gained mutation: You are robust (+10% HP). [potion of mutation]
 19812 | Lair:1   | Lost mutation: You can spit poison. [potion of mutation]
 19895 | Lair:1   | Noticed Gastronok
 20979 | Lair:2   | Reached skill level 5 in Stealth
 21182 | Lair:2   | Reached skill level 12 in Invocations
 21640 | Lair:2   | Noticed a five-headed hydra
 21645 | Lair:2   | Killed a five-headed hydra
 23095 | Lair:3   | Reached XP level 13. HP: 81/99 MP: 18/28
 23139 | Lair:3   | Found a frozen archway.
 23148 | Lair:3   | Reached skill level 10 in Conjurations
 23248 | Lair:3   | Reached skill level 5 in Spellcasting
 23407 | IceCv    | Entered an ice cave
 23917 | IceCv    | Learned a level 6 spell: Poison Arrow
 23956 | IceCv    | Reached skill level 1 in Poison Magic
 24776 | IceCv    | Got a fine lead ring
 24786 | IceCv    | Got a ring of the Octopus King
 24798 | IceCv    | Identified the ring "Elaesch" {rF+ MR+ MP-9 Slay+6} (You found it in an ice cave)
 24799 | IceCv    | Identified a ring of the Octopus King {AC+1 EV+1 Str+1 Int+1 Dex+1 SInv} (You found it in an ice cave)
 25595 | Lair:4   | Reached skill level 5 in Poison Magic
 25601 | Lair:4   | Was placed under penance by Cheibriados
 25608 | Lair:4   | Was forgiven by Cheibriados
 27205 | Lair:4   | Found a staircase to the Swamp.
 27220 | Lair:4   | Identified a scroll of acquirement
 27998 | Lair:5   | Found a staircase to the Snake Pit.
 28487 | Lair:5   | Reached XP level 14. HP: 106/106 MP: 11/29
 30506 | Lair:7   | Reached skill level 1 in Evocations
 31064 | Lair:8   | Entered Level 8 of the Lair of Beasts
 31940 | Lair:8   | Noticed Snorg
 31953 | Lair:8   | Killed Snorg
 32358 | Lair:8   | Found a shadowy altar of Dithmenos.
 33568 | Lair:8   | Noticed Erica
 33576 | Lair:8   | Killed Erica
 34146 | Lair:8   | Reached skill level 10 in Dodging
 34200 | Lair:8   | Reached XP level 15. HP: 99/111 MP: 10/32
 34429 | Lair:8   | Reached skill level 13 in Conjurations
 34815 | Lair:8   | Lost mutation: Your flesh is heat resistant. [potion of mutation]
 34816 | Lair:8   | Gained mutation: You are very weak. (Str -4) [potion of mutation]
 34816 | Lair:8   | Gained mutation: You are surrounded by a mild repulsion field (EV +2). [potion of mutation]
 35026 | Lair:8   | Found a staircase to the Slime Pits.
 35955 | D:7      | Bought a leatherbound book for 285 gold pieces
 35957 | D:7      | Bought a glowing purple potion for 17 gold pieces
 35957 | D:7      | Bought a slimy dagger for 133 gold pieces
 35961 | D:7      | Identified the cursed -1 dagger of Ceduixzuon {pierce, rF+ rC- Str+5} (You bought it in a shop on level 7 of the Dungeon)
 36062 | D:7      | Bought a marble ring for 150 gold pieces
 36067 | D:7      | Bought a glowing purple potion for 27 gold pieces
 36067 | D:7      | Bought a potion of curing for 90 gold pieces
 36219 | Orc:1    | Entered Level 1 of the Orcish Mines
 36298 | Orc:1    | Noticed Blork the orc
 36307 | Orc:1    | Killed Blork the orc
 37489 | Orc:4    | Entered Level 4 of the Orcish Mines
 37968 | Orc:2    | Found Luaquiti's Jewellery Boutique.
 38457 | Orc:3    | Found a runed door.
 38664 | Orc:3    | Found a roughly hewn altar of Beogh.
 38677 | Orc:3    | Identified the Catalogue of Creative Fire
 39120 | Orc:4    | Noticed Harold
 39122 | Orc:4    | Killed Harold
 39403 | Orc:4    | Found Obrotijiofu's Jewellery Emporium.
 39438 | Orc:4    | Found a roughly hewn altar of Beogh.
 39679 | Orc:4    | Found Faxzach's General Store.
 39694 | Orc:4    | Bought a potion of heal wounds for 70 gold pieces
 40588 | Orc:4    | Reached skill level 10 in Spellcasting
 40606 | Orc:4    | Found a staircase to the Elven Halls.
 41375 | Orc:4    | Reached skill level 10 in Fighting
 41705 | Orc:4    | Found a roughly hewn altar of Beogh.
 41905 | Orc:4    | Found Naple's Food Shoppe.
 42044 | Orc:4    | Found Twimp's Antique Armour Emporium.
 42089 | Orc:4    | Bought a shiny shield for 112 gold pieces
 42145 | Orc:4    | Reached skill level 14 in Conjurations
 42145 | Orc:4    | Reached XP level 16. HP: 101/119 MP: 11/33
 42563 | Orc:4    | Bought a +5 ring of intelligence for 618 gold pieces
 42596 | Orc:2    | Bought a +4 ring of intelligence for 405 gold pieces
 42615 | Orc:2    | Learned a level 8 spell: Lehudib's Crystal Spear
 42967 | D:12     | Noticed Grum
 42969 | D:12     | Killed Grum
 43008 | D:12     | Noticed Nessos
 43013 | D:12     | Killed Nessos
 43440 | D:12     | Found a corrupted altar of Lugonu.
 44058 | D:13     | Lost mutation: You are very weak. (Str -4) [mutagenic meat]
 44110 | D:13     | Noticed Maurice
 44116 | D:13     | Killed Maurice
 44280 | D:13     | Noticed herpmino's ghost (powerful FeWz)
 44305 | D:13     | Noticed ZiggyStardust's ghost (powerful VSWr)
 44472 | D:13     | Gained mutation: You possess an exceptional clarity of mind. [potion of beneficial mutation]
 44702 | D:13     | Learned a level 3 spell: Abjuration
 45071 | D:13     | Killed herpmino's ghost
 45294 | D:13     | Killed ZiggyStardust's ghost
 45388 | D:13     | Slain by an iron troll

Action                   |  1- 3 |  4- 6 |  7- 9 | 10-12 | 13-15 | 16-18 || total
-------------------------+-------+-------+-------+-------+-------+-------++-------
Melee: Club              |    36 |       |       |       |       |       ||    36
       Unarmed           |     1 |       |       |       |       |       ||     1
       Dagger            |    19 |   127 |   186 |       |       |       ||   332
       Quarterstaff      |       |       |    54 |   305 |  1114 |    54 ||  1527
       Flail             |       |       |       |       |    19 |   211 ||   230
Throw: Stone             |     3 |    17 |    34 |    39 |    62 |    10 ||   165
       Javelin           |       |       |       |       |     3 |       ||     3
 Cast: Sandblast         |    32 |    50 |    60 |       |       |       ||   142
       Stone Arrow       |       |    26 |    71 |   324 |   228 |       ||   649
       Stoneskin         |       |       |     3 |    80 |   124 |    25 ||   232
       Poison Arrow      |       |       |       |       |   188 |    54 ||   242
Invok: Bend Time         |       |       |       |     7 |     5 |     2 ||    14
       Temporal Distorti |       |       |       |     1 |       |       ||     1
 Abil: Evoke Teleportati |       |       |       |       |     7 |     3 ||    10
Evoke: Deck              |       |       |       |       |     4 |       ||     4
       Wand              |       |       |       |       |       |     1 ||     1
  Use: Scroll            |     1 |     7 |     8 |    10 |    19 |     6 ||    51
       Potion            |       |       |     3 |     5 |    10 |     3 ||    21
 Stab: Sleeping          |     7 |     5 |     6 |     7 |    17 |     6 ||    48
       Distracted        |       |       |     1 |     1 |     4 |       ||     6
  Eat: Chunk             |     5 |    13 |    28 |    50 |    94 |    14 ||   204
       Meat ration       |       |     1 |       |       |       |       ||     1
       Fruit             |       |       |     1 |     6 |     3 |     3 ||    13
       Beef jerky        |       |       |       |     1 |     1 |       ||     2
       Royal jelly       |       |       |       |       |     1 |       ||     1
       Pizza             |       |       |       |       |     1 |       ||     1
